Map: 强酸工厂 - 天梯版

Players

Glaceon - Winner!

  • Race: Terran Terran
  • League: Diamond

电脑难度(专家)

  • Race: Zerg Zerg

VOD

Have the link to the VOD?

Description

Time

  • Played on: Aug. 24, 2018, 10:52 a.m.
  • Length: 11:57
Show
View Real Time Build Order
Export as new Build Order

Glaceon Terran - Winner!

Build Orders: Hellion Opening, Reaper Expand, Bio Tank 

Get SALT Encoding   

  12  0:01  SCV  
  13  0:13  SCV  
  14  0:17  Supply Depot  
  14  0:25  SCV  
  15  0:38  SCV  
  15  0:40  Barracks  
  16  0:45  Refinery  
  16  0:54  SCV  
  17  1:06  SCV  
  19  1:18  SCV  
  19  1:28  Reaper  
  19  1:30  Orbital Command  
  20  1:42  Command Center  
  20  1:48  Refinery  
  20  2:00  Supply Depot, Marine  
  21  2:04  SCV  
  22  2:12  Factory  
  22  2:17  SCV  
  22  2:19  Barracks Reactor  
  23  2:29  SCV  
  24  2:41  SCV  
  25  2:53  SCV  
  26  3:02  Barracks Tech Lab  
  26  3:04  Starport, Hellion  
  26  3:05  Hellion  
  30  3:06  Orbital Command  
  30  3:07  SCV  
  31  3:19  SCV  
  32  3:22  Stimpack  
  32  3:26  Hellion  
  34  3:29  Hellion  
  34  3:31  SCV  
  34  3:32  SCV  
  38  3:41  Medivac  
  38  3:42  Supply Depot  
  38  3:47  Hellion  
  42  3:50  Hellion  
  42  3:52  SCV  
  42  3:53  SCV  
  46  4:04  SCV  
  46  4:05  Supply Depot, SCV  
  46  4:09  Hellion  
  50  4:12  Hellion  
  52  4:17  SCV  
  52  4:18  SCV  
  54  4:27  Command Center  
  54  4:30  Supply Depot  
  55  4:31  SCV  
  55  4:32  SCV  
  56  4:38  Barracks  
  56  4:41  Starport Tech Lab  
  56  4:43  Factory Tech Lab  
  57  4:45  SCV x2  
  58  4:55  Supply Depot  
  58  4:57  SCV  
  58  4:58  Refinery  
  58  4:59  Refinery, SCV  
  60  5:01  Raven  
  60  5:02  Marine  
  63  5:08  Engineering Bay  
  63  5:09  SCV  
  63  5:12  Siege Tank  
  67  5:16  Engineering Bay  
  67  5:26  SCV x2  
  69  5:32  Marine x3  
  69  5:33  Combat Shield  
  72  5:35  Supply Depot  
  72  5:36  Terran Infantry Weapons Level 1  
  72  5:39  Orbital Command  
  72  5:43  SCV x2  
  72  5:46  Terran Infantry Armor Level 1  
  74  5:50  Siege Tank  
  74  5:52  Marine x2  
  74  5:53  Starport Reactor, Marine  
  80  6:00  Armory  
  80  6:07  Barracks  
  80  6:08  SCV  
  80  6:09  SCV, Factory  
  82  6:14  Supply Depot  
  82  6:15  Orbital Command, Marine x2  
  84  6:22  SCV x2  
  84  6:24  Siege Tank  
  89  6:26  Marine  
  89  6:31  Medivac  
  92  6:33  Marine  
  92  6:34  SCV, Medivac  
  92  6:35  Marine  
  92  6:37  SCV  
  98  6:45  Supply Depot x2  
  98  6:48  Supply Depot  
  98  6:50  SCV  
  98  6:53  SCV x2  
  101  6:56  Marine  
  101  6:57  Marauder, Marine x2  
  101  6:59  Concussive Shells  
  106  7:02  SCV  
  106  7:04  Terran Vehicle Weapons Level 1  
  106  7:06  Siege Tank  
  110  7:08  SCV x2  
  110  7:10  Liberator  
  110  7:14  SCV  
  110  7:15  Supply Depot  
  113  7:16  Supply Depot  
  113  7:18  Marine x4  
  113  7:20  SCV x2  
  113  7:21  Siege Tank  
  122  7:28  SCV  
  126  7:32  SCV  
  126  7:35  Supply Depot  
  127  7:37  SCV  
  127  7:38  Marauder, Supply Depot, Marine x2  
  127  7:40  SCV  
  127  7:42  Siege Tank  
  137  7:47  Barracks Reactor  
  136  7:57  SCV  
  137  8:01  Siege Tank  
  137  8:02  Refinery, Marine x3  
  143  8:07  Refinery  
  143  8:08  Barracks, Command Center  
  146  8:20  Marine x3  
  146  8:21  Terran Infantry Weapons Level 2  
  146  8:24  Marine x2  
  148  8:29  SCV x2  
  148  8:30  Terran Infantry Armor Level 2, SCV, Barracks  
  151  8:38  Marine x2  
  151  8:39  Supply Depot  
  153  8:41  SCV  
  153  8:42  Supply Depot x2  
  153  8:43  Supply Depot, Marine x3  
  153  8:44  Liberator  
  153  8:46  Siege Tank x2  
  163  8:56  Marine x2  
  163  9:00  Barracks Reactor  
  163  9:01  Marine x2  
  170  9:03  Marine  
  170  9:06  Refinery  
  171  9:11  Refinery, Liberator  
  171  9:12  Terran Vehicle And Ship Armor Level 1  
  171  9:13  Marine x2  
  171  9:16  SCV x3  
  176  9:19  Orbital Command, Marine  
  176  9:21  Marine x3  
  176  9:23  Siege Tank x2  
  186  9:30  SCV x2  
  191  9:31  Marine x2  
  193  9:42  Marine x6  
  199  10:05  Marine  
  171  10:31  Marine x5  
  171  10:32  Siege Tank x2, Unknown, Marine x3  
  183  10:49  Marine x7  
  190  10:59  Marine  
  189  11:05  Siege Tank  
  189  11:06  Marine  
  189  11:07  Marine  
  189  11:08  Marauder  
  193  11:29  Marauder  
  193  11:37  Marine x2  
Show
View Real Time Build Order
Export as new Build Order

电脑难度(专家) Zerg 

Build Orders: Hatch First 

Get SALT Encoding   

  12  0:00  Drone  
  13  0:12  Overlord  
  13  0:16  Drone  
  14  0:31  Drone x2  
  14  0:34  Drone  
  17  0:53  Hatchery  
  17  0:56  Drone  
  17  1:12  Spawning Pool  
  17  1:13  Extractor  
  17  1:16  Drone  
  16  1:20  Drone  
  16  1:24  Drone  
  18  1:28  Drone  
  19  1:38  Overlord  
  19  1:49  Drone  
  20  1:59  Queen  
  20  2:00  Zergling x2  
  23  2:04  Drone  
  24  2:17  Queen  
  24  2:22  Drone  
  27  2:34  Roach Warren  
  27  2:36  Extractor  
  27  2:37  Drone  
  26  2:40  Drone  
  27  2:46  Overlord  
  27  2:50  Drone  
  28  2:53  Drone  
  28  2:56  Drone  
  30  3:00  Drone  
  30  3:02  Drone  
  32  3:06  Zergling x2  
  32  3:09  Zergling x2  
  34  3:14  Roach  
  34  3:18  Roach  
  38  3:22  Roach  
  38  3:26  Roach  
  42  3:28  Drone  
  42  3:31  Drone  
  44  3:36  Overlord  
  44  3:42  Lair  
  44  3:55  Drone x4  
  48  3:57  Drone  
  48  3:59  Drone  
  48  4:01  Drone  
  51  4:04  Drone  
  51  4:08  Overlord  
  52  4:26  Zergling x6, Drone x5  
  52  4:31  Overlord  
  60  4:34  Overlord  
  59  4:44  Hydralisk Den, Drone  
  59  4:46  Infestation Pit, Drone  
  59  4:49  Zergling x2, Roach  
  59  4:51  Roach x2  
  66  4:53  Roach  
  66  4:56  Overlord  
  68  5:12  Hydralisk  
  68  5:13  Hydralisk  
  72  5:15  Hydralisk  
  72  5:16  Hydralisk  
  72  5:17  Drone  
  72  5:19  Drone  
  78  5:21  Overlord  
  78  5:25  Hive  
  78  5:30  Infestor  
  80  5:37  Overlord  
  80  5:39  Overlord  
  80  5:44  Drone, Evolution Chamber  
  80  5:49  Drone, Evolution Chamber  
  80  5:50  Overlord  
  80  5:53  Overlord  
  80  5:59  Infestor  
  80  6:00  Zergling x2  
  80  6:01  Zergling x2  
  80  6:02  Zergling x2  
  86  6:04  Zergling x2  
  86  6:05  Zergling x2  
  86  6:07  Zergling x2  
  86  6:10  Overlord  
  88  6:13  Overlord  
  88  6:26  Infestor  
  88  6:28  Drone  
  88  6:29  Extractor  
  88  6:30  Drone  
  88  6:31  Extractor, Drone  
  91  6:38  Hatchery, Drone, Evolution Chamber  
  91  6:39  Drone  
  91  6:52  Drone x2  
  91  6:53  Drone x4  
  97  7:02  Ultralisk Cavern  
  97  7:04  Drone  
  97  7:24  Overseer  
  97  7:31  Metabolic Boost  
  97  7:41  Zerg Melee Weapons Level 1  
  97  7:47  Spine Crawler, Drone  
  97  7:50  Ultralisk  
  103  7:51  Drone  
  103  7:52  Drone x5  
  103  7:53  Drone x6  
  103  7:54  Drone x3  
  118  8:00  Drone  
  118  8:01  Extractor  
  118  8:03  Extractor  
  118  8:04  Drone x2  
  119  8:09  Zerg Missile Weapons Level 1  
  119  8:10  Drone  
  119  8:11  Drone x2, Ultralisk  
  128  8:24  Overlord, Drone x2, Zerg Ground Armor Level 1  
  128  8:25  Drone  
  128  8:27  Drone x2  
  133  8:38  Ultralisk  
  139  8:43  Overlord  
  139  8:49  Spine Crawler, Queen  
  139  8:50  Drone  
  139  8:51  Ultralisk  
  147  8:59  Spine Crawler, Infestor  
  147  9:00  Drone  
  147  9:01  Overlord  
  149  9:09  Pathogen Glands  
  149  9:20  Hatchery  
  148  9:27  Spore Crawler  
  148  9:28  Spore Crawler  
  148  9:29  Spore Crawler  
  145  9:31  Spore Crawler  
  145  9:32  Drone  
  145  9:35  Hatchery  
  145  9:36  Drone  
  145  9:39  Spine Crawler, Drone, Zerg Melee Weapons Level 2  
  145  9:49  Queen  
  147  10:01  Spine Crawler  
  147  10:03  Spine Crawler  
  147  10:05  Spine Crawler, Drone  
  147  10:06  Spine Crawler, Drone  
  145  10:07  Spine Crawler, Drone  
  145  10:09  Neural Parasite  
  145  10:16  Overlord, Infestor, Ultralisk x2  
  145  10:17  Baneling Nest  
  145  10:18  Queen  
  145  10:19  Zergling x2  
  145  10:20  Zergling x2  
  149  10:23  Zergling x8  
  149  10:24  Roach x2  
  149  10:25  Zergling x6, Roach  
  110  10:31  Hydralisk  
  112  10:37  Hydralisk  
  112  10:38  Hydralisk  
  112  10:39  Roach  
  112  10:41  Hydralisk  
  112  10:42  Zergling x2  
  116  10:45  Zergling x2  
  116  10:46  Zergling x2  
  116  10:49  Drone  
  111  10:52  Drone  
  111  10:53  Zergling x2, Drone x2  
  91  11:01  Zergling x2, Drone x2  
  91  11:02  Baneling  
  56  11:13  Hydralisk  
  56  11:14  Drone, Roach x2  
Tags
 
Add a new tag
Caveats
  • Supply blocks, unpowered buildings, or Contaminate may cause inaccurate times.
  • Supply counts are checked every 10 seconds.